 Dungeon Crawl Stone Soup version 0.24.0-123-gd5b16e6ec5 (webtiles) character file.

Game seed: 16156759120946701367, levelgen mode: deterministic

207 CrawlButze the Magician (level 5, -6/28 HPs)
             Began as a Deep Elf Conjurer on Dec 31, 2019.
             Killed by nerve-wracking pain
             ... invoked by Grinder
              (12 damage)
             ... on level 4 of the Dungeon on Jan 20, 2020.
             The game lasted 00:33:19 (3503 turns).

CrawlButze the Magician (Deep Elf Conjurer)         Turns: 3503, Time: 00:33:19

Health: -6/28      AC:  2    Str:  5    XL:     5   Next: 54%
Magic:  11/15      EV: 14    Int: 25    God:
Gold:   145        SH:  0    Dex: 15    Spells: 8/15 levels left

rFire    . . .     SeeInvis .   (no weapon)
rCold    . . .     Gourm    .   (no shield)
rNeg     . . .     Faith    .   a - +0 robe
rPois    .         Spirit   .   (no helmet)
rElec    .         Reflect  .   (no cloak)
rCorr    .         Harm     .   (no gloves)
MR       .....                  (no boots)
Stlth    +++.......             (no amulet)
HPRegen  0.09/turn              j - +4 ring of intelligence
MPRegen  0.14/turn              (no ring)

@: about to teleport
A: no striking features
a: no special abilities


You were on level 4 of the Dungeon.
You were not hungry.

You visited 1 branch of the dungeon, and saw 4 of its levels.

You collected 145 gold pieces.

Inventory:

Armour
 a - a +0 robe (worn)
 o - a +0 leather armour
 r - a +0 pair of boots
Jewellery
 j - a +4 ring of intelligence (left hand)
Wands
 s - a wand of iceblast (13)
Scrolls
 d - 2 scrolls of remove curse
 e - 3 scrolls of identify
 f - 2 scrolls of amnesia {unknown}
 i - 3 scrolls of teleportation
 k - a scroll of fog {unknown}
 l - a scroll of enchant armour {unknown}
 p - 2 scrolls of magic mapping {unknown}
Potions
 b - a potion of magic
 g - 2 potions of curing {unknown}
 h - a potion of brilliance {unknown}
 m - 3 potions of heal wounds
 n - a potion of degeneration {unknown}
 t - a potion of ambrosia {unknown}
Comestibles
 c - 4 rations


   Skills:
 + Level 3.8 Dodging
 + Level 3.9 Stealth
 * Level 5.5 Spellcasting
 + Level 5.1 Conjurations


You had 8 spell levels left.
You knew the following spells:

 Your Spells              Type           Power        Failure   Level  Hunger
a - Magic Dart            Conj           ####         1%          1    None
b - Searing Ray           Conj           ####..       1%          2    None
c - Iskenderun's Mystic   Conj           ####....     10%         4    ###....

Your spell library contained the following spells:

 Spells                   Type           Power        Failure   Level  Hunger
 Confusing Touch          Hex            #.....       8%          1    None
 Dazzling Spray           Conj/Hex       ###...       9%          3    #......
 Confuse                  Hex            #.......     24%         3    #......
 Gell's Gravitas          Tloc           #.........   24%         3    #......
 Force Lance              Conj/Tloc      ###.....     26%         4    ###....
 Fulminant Prism          Conj/Hex       ###.......   26%         4    ###....
 Petrify                  Tmut/Erth      #.......     61%         4    ###....
 Metabolic Englaciation   Hex/Ice        #.........   91%         5    #####..
 Yara's Violent Unravell  Hex/Tmut       #.........   91%         5    #####..


Dungeon Overview and Level Annotations

Branches:
Dungeon (4/15)
 Temple: D:4-7

Altars:
Ashenzari

Annotations:
D:4 Blork the orc, Grinder


Message History

Grinder is lightly wounded.
Grinder hits you.
You writhe in agony.
Casting: Magic Dart (safe; 1% risk of failure)
Confirm with . or Enter, or press ? or * to list all spells.
Aiming: Searing Ray (safe; 1% risk of failure)
Press: ? - help, Shift-Dir - straight line, f/p - Grinder
Aim: Grinder (lightly wounded)
The searing ray hits Grinder.
Grinder is lightly wounded. (Press . to maintain the ray.) Grinder hits you.
* * * LOW HITPOINT WARNING * * *
You writhe in agony.
* * * LOW HITPOINT WARNING * * *
Okay, then.
As you read the scroll of teleportation, it crumbles to dust.
You feel strangely unstable. Grinder gestures at you.
Pain shoots through your body!
You die...

#.# #.# ...####.###.#
........#...#
..>.##..#...###
#.#.##........###.
#.#.##............ ###
#.#.###.......####
.....##.#.###.#.........
#.5@..........######
#.####...............
########.######. ...# ##
#####


You could see Grinder.

Vanquished Creatures
  Jessica (D:2)
  A worker ant (D:4)
  8 adders
  An ooze (D:1)
  3 dart slugs
  2 leopard geckos (D:3)
  4 orcs (D:3)
  3 ball pythons (D:3)
  7 bats
  8 giant cockroaches
  8 goblins
  9 hobgoblins
  2 jackals (D:2)
  5 kobolds
  5 frilled lizards
  2 quokka skeletons (D:4)
  5 rats
74 creatures vanquished.

Vanquished Creatures (others)
  2 plants (D:4)
2 creatures vanquished.

Grand Total: 76 creatures vanquished

Notes
Turn   | Place    | Note
-------+----------+-------------------------------------------
     0 | D:1      | CrawlButze the Deep Elf Conjurer began the quest for the
                  | Orb.
     0 | D:1      | Reached XP level 1. HP: 10/10 MP: 6/6
   291 | D:1      | Reached XP level 2. HP: 15/15 MP: 5/8
   508 | D:1      | Found a shattered altar of Ashenzari.
   916 | D:1      | Learned a level 2 spell: Searing Ray
   965 | D:2      | Reached XP level 3. HP: 16/19 MP: 0/10
  1316 | D:2      | Noticed Jessica
  1373 | D:2      | Killed Jessica
  1373 | D:2      | Reached XP level 4. HP: 24/24 MP: 4/12
  2043 | D:3      | Learned a level 4 spell: Iskenderun's Mystic Blast
  2051 | D:3      | Reached skill level 5 in Spellcasting
  2052 | D:3      | Reached skill level 5 in Conjurations
  2052 | D:3      | Reached XP level 5. HP: 28/28 MP: 0/14
  3096 | D:4      | Noticed an ogre
  3239 | D:4      | Noticed Blork the orc
  3491 | D:4      | Noticed Grinder
  3493 | D:4      | Paralysed by Grinder for 7 turns
  3503 | D:4      | Killed from afar by Grinder

Levels and vault maps discovered:
D:1:      saegor_arrival_simple_d, layout_basic, ashenzari_altar_1
D:2:      layout_loops_ring, uniq_jessica
D:3:      layout_loops_ring, kennysheep_big_empty_room, st_stairs_3
D:4:      layout_loops_ring, nicolae_ossuary_entry_catacombs, first_ration,
          serial_bayou_ford_a, minmay_vboxes, uniq_pikel, uniq_eustachio,
          uniq_blork_the_orc, uniq_grinder

Skill      XL: |  1  2  3  4 |
---------------+-------------+-----
Stealth        | 3 |  3.9
Dodging        | 3 |  3.8
Spellcasting   | 4 5 |  5.5
Conjurations   | 5 |  5.1

Action                   |  1- 3 |  4- 6 || total
-------------------------+-------+-------++-------
 Cast: Magic Dart        |    43 |    98 ||   141
       Searing Ray       |    12 |     3 ||    15
       Iskenderun's Myst |       |     2 ||     2
  Use: Potion            |     1 |       ||     1
       Scroll            |       |     5 ||     5
  Eat: Chunk             |     1 |     6 ||     7
       Ration            |       |     1 ||     1
Armor: Robe              |     1 |     1 ||     2
Dodge: Dodged            |     7 |    22 ||    29
